 Dungeon Crawl Stone Soup version 0.31-a0-18-gea43df2a32 (webtiles) character file.

Game seed: 12590039995920284141

315 lunkers the Gusty (level 7, -7/50 HPs)
             Began as a Meteoran Air Elementalist on May 9, 2023.
             Was an Initiate of Vehumet.
             Mangled by an ogre
             ... wielding a +0 giant spiked club
              (32 damage)
             ... on level 5 of the Dungeon.
             The game lasted 00:06:34 (1728 turns).

lunkers the Gusty (Meteoran Air Elementalist)       Turns: 1728, Time: 00:06:34

Health: -7/50      AC:  3    Str:  9    XL:     7   Next: 3%
Magic:  7/15       EV: 12    Int: 18    God:    Vehumet [......]
Gold:   73         SH:  0    Dex: 16    Spells: 6/16 levels left

rFire   . . .        (no weapon)
rCold   . . .        (no shield)
rNeg    . . .        a - +1 robe
rPois   .            (no helmet)
rElec   .            (no cloak)
rCorr   .            (no gloves)
SInv    .            (no boots)
Will    .....        (no amulet)
Stlth   +            (no ring)
HPRegen 0.28/turn    (no ring)
MPRegen 0.14/turn

%: no passive effects
@: glowing
A: sense surroundings 1, otherworldly, glowing, explore regen
a: Renounce Religion


You were on level 5 of the Dungeon.
You worshipped Vehumet.
Vehumet was noncommittal.
You visited 2 branches of the dungeon, and saw 6 of its levels.

You collected 73 gold pieces.

Inventory:

Missiles
 b - a throwing net
Armour
 a - a +1 robe (worn)
Scrolls
 d - 2 scrolls of identify
Potions
 c - 3 potions of curing {unknown}
 e - a potion of mutation {unknown}
 g - 4 potions of attraction
 i - 2 potions of might
 j - a potion of invisibility {unknown}
 o - a potion of flight {unknown}
 p - 2 potions of magic


   Skills:
 - Level 2.4 Dodging
 - Level 1.4 Stealth
 + Level 5.0 Spellcasting
 - Level 1.2 Conjurations
 * Level 7.2 Air Magic


You had 6 spell levels left.
You knew the following spells:

 Your Spells              Type           Power      Damage    Failure   Level
a - Shock                 Conj/Air       76%        1d7       2%          1
b - Static Discharge      Conj/Air       38%        2-4/arc   3%          2
c - Swiftness             Air            30%        N/A       1%          3
d - Airstrike             Air            15%        2d(3-19)  7%          4

Your spell library contained the following spells:

 Spells                   Type           Power      Damage    Failure   Level


Dungeon Overview and Level Annotations

Branches:
Dungeon (5/15) Zot: 1483   Temple (1/1) D:5 Zot: 381

Altars:
Ashenzari
Dithmenos
Elyvilon
Fedhas
Gozag
Hepliaklqana
Kikubaaqudgha
Makhleb
Okawaru
Qazlal
Ru
Sif Muna
Trog
Uskayaw
Vehumet
Wu Jian
Xom
Zin
The Shining One


Innate Abilities, Weirdness & Mutations

You passively map a small area around you.
You are easily found by Zot.
You glow in the dark.
You regain HP and MP as you explore.


Message History

An ogre is nearby!
Casting: Shock (safe; 2% risk of failure)
Confirm with . or Enter, or press ? or * to list all spells.
The zap hits the ogre!
The ogre is moderately wounded.
The ogre shouts!
Casting: Shock (safe; 2% risk of failure)
Confirm with . or Enter, or press ? or * to list all spells.
The zap hits the ogre.
The ogre is heavily wounded.
Casting: Shock (safe; 2% risk of failure)
Confirm with . or Enter, or press ? or * to list all spells.
The zap misses the ogre.
Casting: Shock (safe; 2% risk of failure)
Confirm with . or Enter, or press ? or * to list all spells.
The zap hits the ogre.
The ogre is heavily wounded.
Casting: Shock (safe; 2% risk of failure)
Confirm with . or Enter, or press ? or * to list all spells.
The zap misses the ogre.
Casting: Shock (safe; 2% risk of failure)
Confirm with . or Enter, or press ? or * to list all spells.
The zap hits the ogre.
The ogre is severely wounded.
Casting: Shock (safe; 2% risk of failure)
Confirm with . or Enter, or press ? or * to list all spells.
The zap hits the ogre.
The ogre is almost dead.
The ogre hits you with a +0 giant spiked club!!
* * * LOW HITPOINT WARNING * * *
Casting: Shock (safe; 2% risk of failure)
Confirm with . or Enter, or press ? or * to list all spells.
The ogre is struck by an arc of lightning.
The ogre is almost dead.
You are struck by an arc of lightning.
* * * LOW HITPOINT WARNING * * *
The lightning grounds out.
The ogre hits you with a +0 giant spiked club!!
Ouch! That really hurt!
You die...

* #...#.####. ..# .#
#.......... ###.. .#
#....#.#.#. , #.!...
.# #....#.#.#. ,
...... .#
#.......... ......#
.#####....#.##.#
.......#?
..##....#....# ,
......O.#
#.##.......#.. * #@#
#.#####.##.#.>
#.###.# #.......
#...#.#####...#.#.
###...##....#.#.#.
##...#.##.#.....
####.....#....#.#
#........#.##.#..
####.##.##>.........
#....#....#.#.#####.


You could see an ogre.

Vanquished Creatures
  A black bear (D:4)
  A sky beast (D:4)
  4 adders
  3 gnolls (D:3)
  3 worms (D:3)
  A dart slug (D:1)
  2 orcs (D:4)
  4 ball pythons
  5 bats
  4 endoplasms
  6 goblins
  2 hobgoblins
  6 quokkas
  10 kobolds
  6 rats
58 creatures vanquished.

Notes
Turn   | Place    | Note
-------+----------+-------------------------------------------
     0 | D:1      | lunkers the Meteoran Air Elementalist began the quest for
                  | the Orb.
     0 | D:1      | Reached XP level 1. HP: 14/14 MP: 5/5
    58 | D:1      | Reached XP level 2. HP: 16/20 MP: 0/6
    62 | D:1      | Reached skill level 4 in Air Magic
   205 | D:1      | Learned a level 2 spell: Static Discharge
   333 | D:2      | Reached XP level 3. HP: 24/26 MP: 3/8
   360 | D:2      | Found a faded altar of an unknown god.
   530 | D:2      | Reached skill level 5 in Air Magic
   530 | D:2      | Reached XP level 4. HP: 31/33 MP: 1/10
   729 | D:3      | Reached XP level 5. HP: 11/38 MP: 8/11
  1034 | D:4      | Noticed a black bear
  1041 | D:4      | Killed a black bear
  1042 | D:4      | Reached skill level 6 in Air Magic
  1042 | D:4      | Reached XP level 6. HP: 40/45 MP: 4/13
  1198 | D:4      | Noticed a sky beast
  1204 | D:4      | Learned a level 3 spell: Swiftness
  1209 | D:4      | Learned a level 4 spell: Airstrike
  1233 | D:4      | Killed a sky beast
  1234 | D:4      | Reached skill level 5 in Spellcasting
  1234 | D:4      | Reached skill level 7 in Air Magic
  1362 | D:5      | Entered Level 5 of the Dungeon
  1367 | D:5      | Reached XP level 7. HP: 49/50 MP: 9/15
  1393 | D:5      | Found a staircase to the Ecumenical Temple.
  1433 | Temple   | Entered the Ecumenical Temple
  1599 | Temple   | Became a worshipper of Vehumet
  1728 | D:5      | Mangled by an ogre

Illustrated notes

Levels and vault maps discovered:
D:1:      lemuel_arrival_rhombus, layout_basic
D:2:      minmay_chambers_of_twos, layout_basic,
          dreamdust_ecumenical_altar_statues, minmay_misc_feat_alley
D:3:      layout_rooms, mainiacjoe_overflow_alcove_2
D:4:      layout_loops_ring, serial_co_window_serial, co_window_paths_a,
          co_window_corner_a, co_window_corner_a, co_window_paths_a,
          co_window_paths_a, co_window_of_opportunity_b, co_window_broadway_b,
          co_window_2corner, co_window_2corner, co_window_broadway_b,
          co_window_4corner_b
D:5:      layout_basic, minmay_temple_entry_ruins,
          nicolae_concentric_dashed_squares_mild, uniq_menkaure
Temple:   nicolae_temple_bog_church

Skill      XL: |  1  2  3  4  5  6 |
---------------+-------------------+-----
Air Magic      | 4 5 6 7 |  7.2
Spellcasting   | 3 4 5 |  5.0
Dodging        | |  2.4
Stealth        | |  1.4
Conjurations   | |  1.2

Action                     |  1- 3 |  4- 6 |  7- 9 || total
---------------------------+-------+-------+-------++-------
  Melee: Unarmed           |    10 |     7 |       ||    17
         Punch             |       |     1 |       ||     1
   Cast: Shock             |    58 |    71 |     9 ||   138
         Static Discharge  |     3 |    13 |     1 ||    17
         Airstrike         |       |     3 |       ||     3
    Use: Potion            |       |     1 |       ||     1
         Scroll            |       |       |     9 ||     9
 Armour: Robe              |     6 |     7 |       ||    13
  Dodge: Dodged            |    25 |    18 |       ||    43

Table legend: (Time is in decaauts)
 A = Elapsed time spent in this place.
 B = Non-inter-level travel time spent in this place.
 C = Inter-level travel time spent in this place.
 D = Time resting spent in this place.
 E = Time spent auto-exploring this place.
 F = Levels seen in this place.
 G = Mean time per level.
                   A        B        C        D        E       F      G
               +--------+--------+--------+--------+--------+-----+--------+
         Total |   1734 |   1704 |     30 |      0 |   1160 |   6 |  289.0 |
       Dungeon |   1515 |   1485 |     30 |      0 |   1025 |   5 |  303.0 |
        Temple |    218 |    218 |      0 |      0 |    135 |   1 |  218.0 |
               +--------+--------+--------+--------+--------+-----+--------+

Top non-repeatable levels by time:
     D:4: 387 daAuts
     D:3: 333 daAuts
     D:1: 329 daAuts
     D:2: 310 daAuts
  Temple: 218 daAuts
     D:5: 154 daAuts
